 Dungeon Crawl Stone Soup version 0.31.0-12-g77e489cdc1 (webtiles) character file.

Game seed: 16882897068200050737

126 PaiMei the Grave Robber (level 4, 0/33 HPs)
             Began as a Demonspawn Necromancer on Feb 29, 2024.
             Slain by an orc
             ... wielding a +1 vampiric dagger
              (1 damage)
             ... on level 3 of the Dungeon.
             The game lasted 00:04:00 (2763 turns).

PaiMei the Grave Robber (Demonspawn Necromancer)    Turns: 2763, Time: 00:04:01

Health: 0/33       AC:  3    Str:  8    XL:     4   Next: 84%
Magic:  1/8        EV: 12    Int: 17    God:
Gold:   55         SH:  4    Dex: 14    Spells: 7/8 levels left

rFire   . . .        h - +1 short sword (flame)
rCold   . . .        (no shield)
rNeg    . . .        a - +0 robe
rPois   .            (no helmet)
rElec   .            l - +0 cloak
rCorr   .            (no gloves)
SInv    .            (no boots)
Will    .....        (no amulet)
Stlth   ++           (no ring)
HPRegen 0.25/turn    (no ring)
MPRegen 0.11/turn

%: no passive effects
@: lethally poisoned (0 -> -1), attractive, invisible
A: condensation shield
a: no special abilities


You were on level 3 of the Dungeon.
You visited 1 branch of the dungeon, and saw 3 of its levels.

You collected 55 gold pieces.

Inventory:

Hand Weapons
 c - a +0 short sword
 h - a +1 short sword of flaming (weapon)
Missiles
 n - 2 poisoned darts (quivered)
Armour
 a - a +0 robe (worn)
 l - a +0 cloak (worn)
Jewellery
 e - an amulet of guardian spirit
Scrolls
 d - 2 scrolls of enchant weapon {unknown}
 f - a scroll of teleportation {unknown}
 g - a scroll of revelation {unknown}
 i - a scroll of amnesia {unknown}
 k - 2 scrolls of identify {unknown}
 m - a scroll of poison {unknown}
Potions
 b - a potion of magic


   Skills:
 + Level 1.7 Fighting
 + Level 2.7 Dodging
 - Level 2.0 Stealth
 + Level 2.9 Spellcasting
 + Level 5.1 Necromancy


You had 7 spell levels left.
You knew the following spells:

 Your Spells              Type           Power      Damage    Failure   Level
a - Necrotise             Necr           76%        1d7       2%          1

Your spell library contained the following spells:

 Spells                   Type           Power      Damage    Failure   Level
 Sublimation of Blood     Necr           19%        N/A       3%          2
 Vampiric Draining        Necr           19%        2d7       6%          3
 Animate Dead             Necr           19%        N/A       22%         4
 Call Imp                 Summ           4%         N/A       26%         2
 Curse of Agony           Necr           19%        N/A       52%         5
 Summon Hydra             Summ           1%         N/A       100%        7


Dungeon Overview and Level Annotations

Branches:
Dungeon (3/15)

Altars:

Shops:
D:1 (

Annotations:
D:3 Grinder


Innate Abilities, Weirdness & Mutations

A meltable shield of frost defends you. (SH +4)


Message History

The orc hits your orc skeleton with a +1 vampiric dagger.
Your orc skeleton hits the orc but does no damage.
It was a potion of invisibility.
You fade into invisibility!
* * * LOW HITPOINT WARNING * * *
You feel sick.
The orc hits your orc skeleton with a +1 vampiric dagger.
Your orc skeleton is destroyed!
It was a potion of attraction.
You feel attractive to monsters.
* * * LOW HITPOINT WARNING * * *
You feel sick.
The orc hits your orc wizard skeleton with a +1 vampiric dagger.
* * * LOW HITPOINT WARNING * * *
You feel sick.
The orc hits your orc wizard skeleton with a +1 vampiric dagger.
The orc is attracted toward you. x2
* * * LOW HITPOINT WARNING * * *
You feel sick.
Your orc wizard skeleton hits the orc but does no damage.
The orc hits your orc wizard skeleton with a +0 club.
The orc is attracted toward you.
Grinder comes into view.
* * * LOW HITPOINT WARNING * * *
You feel sick.
Your orc wizard skeleton hits the orc but does no damage.
The orc hits your orc wizard skeleton with a +0 club.
The orc is attracted toward you. Grinder is attracted toward you.
* * * LOW HITPOINT WARNING * * *
You feel sick.
The orc hits your orc wizard skeleton with a +0 club.
Grinder is attracted toward you. The orc is attracted toward you.
You hit the orc. You burn the orc.
The orc is severely wounded.
* * * LOW HITPOINT WARNING * * *
You feel sick.
Grinder shouts!
You hear a shout!
A hobgoblin comes into view.
The orc hits you with a +1 vampiric dagger.
You die...

..............#.#..........
.........####.#.##.####.#.#
..........# .#....# .#.#
..........# ...# ### .# #
..........# ...# .#
.#.....>..##...#
##.##.........#.#
##.##.......§..§g
#.§§.§Zoo@5.<#.
#..####......# #...
.........# .... #####.###.#
..$ ... .# .. ##.## # . ...
..#


You could see Grinder (unable to see you), 2 orcs, a hobgoblin (wandering,
unable to see you) and a friendly orc wizard skeleton.

Vanquished Creatures
  An orc wizard (D:3)
  5 adders (D:2)
  2 orcs (D:3)
  2 ball pythons
  4 endoplasms
  4 giant cockroaches
  6 goblins
  4 hobgoblins
  2 jackals (D:1)
  5 kobolds
  A quokka (D:2)
  11 bats
  2 frilled lizards
  4 rats
53 creatures vanquished.

Vanquished Creatures (collateral kills)
  A quokka (D:1)
  A frilled lizard (D:1)
2 creatures vanquished.

Grand Total: 55 creatures vanquished

Notes
Turn   | Place    | Note
-------+----------+-------------------------------------------
     0 | D:1      | PaiMei the Demonspawn Necromancer began the quest for the
                  | Orb.
     0 | D:1      | Reached XP level 1. HP: 13/13 MP: 3/3
   489 | D:1      | Gained mutation: A meltable shield of frost defends you.
                  | (SH +4) [demonic ancestry]
   489 | D:1      | Reached XP level 2. HP: 19/19 MP: 0/5
   687 | D:1      | Found a faded altar of an unknown god.
   765 | D:1      | Found Celott's Weapon Emporium.
  1205 | D:2      | Reached XP level 3. HP: 25/25 MP: 3/6
  1483 | D:2      | Reached skill level 1 in Fighting
  1840 | D:2      | Reached XP level 4. HP: 24/32 MP: 2/7
  2717 | D:3      | Reached skill level 5 in Necromancy
  2761 | D:3      | Noticed Grinder
  2763 | D:3      | HP: 1/33 [poisoned by an orc wizard]
  2763 | D:3      | Slain by an orc

Illustrated notes

Levels and vault maps discovered:
D:1:      enne_arrival_octagon_isle, layout_rooms,
          nicolae_ecumenical_lake_church, serial_shops, shop
D:2:      layout_basic, minmay_goblin_outpost
D:3:      layout_basic, uniq_grinder

Skill      XL: |  1  2  3  4 |
---------------+-------------+-----
Stealth        | 2 |  2.0
Dodging        | 2 |  2.7
Fighting       | 1 |  1.7
Necromancy     | 5 |  5.1
Spellcasting   | |  2.9

Action                     |  1- 3 |  4- 6 || total
---------------------------+-------+-------++-------
  Melee: Unarmed           |     3 |       ||     3
         Short sword       |       |    13 ||    13
   Cast: Necrotise         |    67 |    33 ||   100
    Use: Potion            |       |     2 ||     2
 Armour: Robe              |    14 |    10 ||    24
  Dodge: Dodged            |    20 |     7 ||    27
  Block: Other             |       |     5 ||     5
